 Dungeon Crawl Stone Soup version 0.28-a0-1038-g9c4cb8273d (webtiles) character file.

Game seed: 3033956008535179219

60 yoda5477 the Shield-Bearer (level 3, 0/29 HPs)
             Began as a Demonspawn Fighter on Dec 8, 2021.
             Slain by Terence (4 damage)
             ... on level 2 of the Dungeon.
             The game lasted 00:02:45 (1077 turns).

yoda5477 the Shield-Bearer (Demonspawn Fighter)     Turns: 1077, Time: 00:02:48

Health: 0/29       AC:  8    Str: 18    XL:     3   Next: 80%
Magic:  3/3        EV:  9    Int:  9    God:
Gold:   46         SH:  4    Dex: 12    Spells: 2/2 levels left

rFire   . . .      SeeInvis .   a - +0 long sword
rCold   . . .      Faith    .   c - +0 buckler
rNeg    . . .      Spirit   .   b - +0 scale mail
rPois   .          Reflect  .   (no helmet)
rElec   .          Harm     .   (no cloak)
rCorr   .          Rampage  .   (no gloves)
Will    .....                   (no boots)
Stlth   ..........              (no amulet)
HPRegen 0.09/turn               (no ring)
MPRegen 0.08/turn               (no ring)

@: no status effects
A: molten scales 1, spiny 1
a: no special abilities


You were on level 2 of the Dungeon.
You visited 1 branch of the dungeon, and saw 4 of its levels.

You collected 46 gold pieces.

Inventory:

Hand Weapons
 a - a +0 long sword (weapon)
Missiles
 e - 27 stones (quivered)
 i - 30 bolts
Armour
 b - a +0 scale mail (worn)
 c - a +0 buckler (worn)
Scrolls
 f - a scroll of noise {unknown}
 h - a scroll of blinking {unknown}
Potions
 d - a potion of might
 g - a potion of curing {unknown}
 j - a potion of ambrosia {unknown}


   Skills:
 - Level 3.0 Fighting
 * Level 2.9 Long Blades
 - Level 2.6 Armour
 * Level 3.6 Shields


You had 2 spell levels left.
You didn't know any spells.
Your spell library was empty.

Dungeon Overview and Level Annotations

Branches:
Dungeon (4/15)
 Temple: D:4-7

Altars:
Kikubaaqudgha
Ru

Annotations:
D:2 Terence


Innate Abilities, Weirdness & Mutations

You are partially covered in molten scales. (AC +2)
You are partially covered in sharp spines.


Message History

You see here a hobgoblin corpse.
You hit the frilled lizard.
The frilled lizard is heavily wounded.
The frilled lizard is struck by your spines.
You kill the frilled lizard!
No target in view!
No target in view!
You now have 46 gold pieces (gained 10).
A rat comes into view.
Found a stone staircase leading down.
You slash the rat!
You kill the rat!
No target in view!
Terence the Incautious comes into view.
He is wielding a +2 falchion of holy wrath and carrying a wand of flame (23).
Terence shouts!
Terence zaps a wand.
The puff of flame hits you!
A dart slug comes into view.
Terence zaps a wand.
You block the puff of flame.
You closely miss Terence.
Terence zaps a wand.
The puff of flame hits you.
You hit Terence but do no damage. Terence is struck by your spines.
Terence hits you with a +2 falchion of holy wrath.
You convulse.
You hit Terence but do no damage.
Terence is moderately wounded.
Terence hits you with a +2 falchion of holy wrath.
You convulse.
Terence hits you but does no damage.
You slash Terence!
Terence is heavily wounded.
Terence hits you with a +2 falchion of holy wrath.
You convulse.
You hit Terence but do no damage.
Terence is heavily wounded.
Terence zaps a wand.
The puff of flame misses you.
You hit Terence.
Terence is severely wounded.
Terence is struck by your spines.
Terence hits you with a +2 falchion of holy wrath!
* * * LOW HITPOINT WARNING * * *
You convulse.
You die...

#.# #.# ##.########
#.......... #†.########
#######..####
#...........#
###.#..##..##.#
#......##..##@#
###.###..##.....@......
.. #..##.....w......
#.###..##.###..#####.
#.......#># #..#
####....#.###..#
##..........#
#............
#.##.#####


You could see Terence and a dart slug.

Vanquished Creatures
  An adder (D:2)
  A dart slug (D:1)
  3 ball pythons
  5 bats
  3 endoplasms (D:1)
  2 giant cockroaches (D:1)
  6 goblins (D:1)
  5 hobgoblins
  6 jackals (D:1)
  A quokka (D:1)
  2 frilled lizards (D:2)
  3 kobolds (D:1)
  5 rats
43 creatures vanquished.

Notes
Turn   | Place    | Note
-------+----------+-------------------------------------------
     0 | D:1      | yoda5477 the Demonspawn Fighter began the quest for the
                  | Orb.
     0 | D:1      | Reached XP level 1. HP: 18/18 MP: 1/1
   202 | D:1      | Gained mutation: You are partially covered in sharp spines.
                  | [demonic ancestry]
   202 | D:1      | Reached XP level 2. HP: 24/24 MP: 2/2
   380 | D:1      | Gained mutation: You are partially covered in molten
                  | scales. (AC +2) [demonic ancestry]
   380 | D:1      | Reached XP level 3. HP: 22/29 MP: 3/3
   962 | D:3      | Found a sacrificial altar of Ru.
   980 | D:2      | Found an ancient bone altar of Kikubaaqudgha.
  1069 | D:2      | Noticed Terence
  1077 | D:2      | Slain by Terence

Illustrated notes

Levels and vault maps discovered:
D:1:      shiori_arrival_maze, layout_basic, minmay_tetromino_o4
D:2:      layout_loops_ring, basic_altar, minmay_misc_feat_doors, uniq_terence,
          uniq_sigmund
D:3:      layout_loops_ring, mainiacjoe_overflow_small_starburst,
          shapermc_ecumenical_altar_pompeii
D:4:      layout_cave_pools, minmay_temple_entry_proselytizer, uniq_robin

Skill      XL: |  1 |
---------------+----+-----
Shields        | 3 |  3.6
Long Blades    | 2 |  2.9
Fighting       | |  3.0
Armour         | |  2.6

Action                   || total
-------------------------++-------
Melee: Long sword        ||    76
Armor: Scale mail        ||    22
Dodge: Dodged            ||    28
Block: Buckler           ||    17

Table legend: (Time is in decaauts)
 A = Elapsed time spent in this place.
 B = Non-inter-level travel time spent in this place.
 C = Inter-level travel time spent in this place.
 D = Time resting spent in this place.
 E = Time spent auto-exploring this place.
 F = Levels seen in this place.
 G = Mean time per level.
                   A        B        C        D        E       F      G
               +--------+--------+--------+--------+--------+-----+--------+
         Total |   1101 |   1064 |     37 |    167 |    682 |   4 |  275.2 |
       Dungeon |   1101 |   1064 |     37 |    167 |    682 |   4 |  275.2 |
               +--------+--------+--------+--------+--------+-----+--------+

Top non-repeatable levels by time:
     D:1: 943 daAuts
     D:2: 137 daAuts
     D:3: 19 daAuts
     D:4: 1 daAuts
